 Dungeon Crawl Stone Soup version 0.18.1-48-g4cf74bf (webtiles) character file.

216 Alarkh the Slasher (level 5, 38/38 HPs)
             Began as a Mummy Skald on Sept 12, 2016.
             Was a Believer of Kikubaaqudgha.
             Quit the game in a sewer.
             The game lasted 00:07:14 (3949 turns).

Alarkh the Slasher (Mummy Skald)                    Turns: 3949, Time: 00:07:15

Health: 38/38      AC:  4    Str: 15    XL:     5   Next: 61%
Magic:  8/8        EV: 11    Int: 13    God:    Kikubaaqudgha [**....]
Gold:   128        SH:  0    Dex: 11    Spells: 3 memorised, 2 levels left

rFire  x . .     SeeInvis .     b - +1 short sword (venom)
rCold  + . .     Gourm    .     m - +0 leather armour (curse)
rNeg   + + +     Faith    .     (no shield)
rPois  ∞         Spirit   .     k - +0 helmet
rElec  .         Dismiss  .     (no cloak)
rCorr  .         Reflect  .     (no gloves)
SustAt .         Harm     .     (no boots)
MR     .....                    (no amulet)
Stlth  +.........               (no ring)
                                (no ring)

@: not resistant to hostile enchantments, very unstealthy
A: no food or potions, fire vulnerability, cold resistance 1, negative energy
resistance 3, torment resistance, unbreathing
a: Receive Corpses, Renounce Religion


You were in a sewer.
You worshipped Kikubaaqudgha.
Kikubaaqudgha was pleased with you.
You were not hungry.

You visited 1 branch of the dungeon, and saw 4 of its levels.
You also visited: Sewer.

You collected 128 gold pieces.

Inventory:

Hand Weapons
 a - a +1 falchion
 b - a +1 short sword of venom (weapon)
Armour
 i - a +3 ring mail
 k - a +0 helmet (worn)
 m - a cursed +0 leather armour (worn)
 w - a +0 leather armour
Jewellery
 n - an uncursed ring of ice
Wands
 o - a wand of digging (22/24)
Scrolls
 e - a scroll of identify
 f - a scroll of immolation
 j - 2 scrolls of enchant weapon
Books
 c - a book of Battle

   Spells                             Type                      Level
   a - Infusion                       Charms                       1
   b - Shroud of Golubria             Charms/Translocation         2
   c - Song of Slaying                Charms                       2
   d - Spectral Weapon                Hexes/Charms                 3
   e - Regeneration                   Charms/Necromancy            3
 g - Kikubaaqudgha's Incunabulum of Dark Magic
   (Kikubaaqudgha gifted it to you on level 2 of the Dungeon)

   Spells                             Type                      Level
   a - Animate Skeleton               Necromancy                   1
   b - Pain                           Necromancy                   1
   c - Corpse Rot                     Necromancy                   2
   d - Vampiric Draining              Necromancy                   3
   e - Control Undead                 Necromancy                   4


   Skills:
 - Level 2.0 Fighting
 + Level 4.9 Long Blades
 - Level 0.7 Armour
 - Level 0.7 Dodging
 - Level 2.0 Spellcasting
 - Level 2.4 Charms


You had 2 spell levels left.
You knew the following spells:

 Your Spells              Type           Power        Failure   Level  Hunger
a - Infusion              Chrm           #...         14%         1    N/A
b - Shroud of Golubria    Chrm/Tloc      #.........   30%         2    N/A
c - Spectral Weapon       Hex/Chrm       #.......     65%         3    N/A

Dungeon Overview and Level Annotations

Branches:
Dungeon (4/15)
 Temple: D:4-7

Altars:
Kikubaaqudgha
Pakellas


Innate Abilities, Weirdness & Mutations

You do not eat or drink.
Your flesh is vulnerable to fire.
You are immune to poison.
Your flesh is cold resistant.
You are immune to negative energy.
You are immune to unholy pain and torment.
You can survive without breathing.


Message History

You see here a short sword.
You enter the shallow water.
Moving in this stuff is going to be slow.
You see here 3 stones.
You enter the shallow water.
Moving in this stuff is going to be slow.
You enter the shallow water.
Moving in this stuff is going to be slow.
You enter the shallow water.
Moving in this stuff is going to be slow.
You see here a short sword.
You enter the shallow water.
Moving in this stuff is going to be slow.
Why would you want to do that?
You enter the shallow water.
Moving in this stuff is going to be slow.
Read which item? (? for menu, Esc to quit)
Okay, then.
Unknown command.
Are you sure you want to abandon this character and quit the game? (Confirm with "yes".)

##### ######...##
####### #≈#≈#≈.≈..#
###.#..P. ###≈≈≈@.!..≈#
#.≈.≈.PP≈ ##≈≈≈≈≈≈P.≈..#
###≈#P.≈.
≈≈≈≈≈≈≈.....≈#####≈#....
≈≈≈≈≈≈≈≈#)#≈.##≈##≈#.≈≈.
≈≈≈≈≈≈≈≈#≈#####≈.#≈#####
≈≈≈≈≈≈≈≈#≈# #†.#≈#≈≈≈≈
≈≈≈≈≈≈≈≈#≈# ##.#≈#####
≈≈≈≈≈≈≈≈#≈### #.##≈#.≈≈≈
≈≈≈≈≈≈≈≈#≈#.# ##.#≈#....


There were no monsters in sight!

Vanquished Creatures
  Robin (D:2)
  7 adders
  A river rat (D:4)
  An ooze (D:2)
  5 worms
  3 dart slugs
  5 giant geckos
  An orc (D:3)
  9 bats
  3 giant cockroaches
  12 goblins
  14 hobgoblins
  5 jackals (Sewer)
  2 quokkas (D:3)
  4 ball pythons
  5 giant newts
  14 kobolds
  5 rats
  3 plants (Sewer)
100 creatures vanquished.

Vanquished Creatures (others)
  A crocodile (D:2)
1 creature vanquished.

Grand Total: 101 creatures vanquished

Notes
Turn   | Place    | Note
--------------------------------------------------------------
     0 | D:1      | Alarkh the Mummy Skald began the quest for the Orb.
     0 | D:1      | Reached XP level 1. HP: 16/16 MP: 3/3
    19 | D:1      | Reached skill level 2 in Long Blades
    96 | D:1      | Reached XP level 2. HP: 22/22 MP: 1/5
   883 | D:2      | Reached skill level 3 in Long Blades
   883 | D:2      | Reached XP level 3. HP: 2/27 MP: 1/6
  1190 | D:2      | Found a faded altar to an unknown god.
  1218 | D:2      | Became a worshipper of Kikubaaqudgha
  1218 | D:2      | Reached * piety under Kikubaaqudgha
  1218 | D:2      | Received a gift from Kikubaaqudgha
  1218 | D:2      | Identified Kikubaaqudgha's Incunabulum of Dark Magic (Kikubaaqudgha gifted it to you on level 2 of the Dungeon)
  1521 | D:2      | Found an oddly glowing altar of Pakellas.
  1521 | D:2      | Noticed an orange crystal statue
  1522 | D:2      | Noticed a crocodile
  1536 | D:2      | Killed a crocodile
  1747 | D:2      | Reached XP level 4. HP: 32/33 MP: 3/7
  1957 | D:3      | Noticed Robin
  2298 | D:2      | Learned a level 2 spell: Shroud of Golubria
  2302 | D:2      | Learned a level 3 spell: Spectral Weapon
  2318 | D:2      | Killed Robin
  2318 | D:2      | Reached skill level 4 in Long Blades
  2337 | D:3      | Reached ** piety under Kikubaaqudgha
  2597 | D:3      | Reached XP level 5. HP: 33/38 MP: 1/8
  2843 | D:4      | Found a glowing drain.
  3053 | Sewer    | Entered a sewer
  3949 | Sewer    | Quit the game

Skill      XL: |  1  2  3  4 |
---------------+-------------+-----
Long Blades    | 2 3 4 |  4.9
Fighting       | |  2.0
Armour         | |  0.7
Dodging        | |  0.7
Spellcasting   | |  2.0
Charms         | |  2.4

Action                   |  1- 3 |  4- 6 || total
-------------------------+-------+-------++-------
Melee: Falchion          |   116 |   288 ||   404
       Short sword       |       |    41 ||    41
 Cast: Infusion          |    22 |    21 ||    43
  Use: Scroll            |     1 |     5 ||     6
 Stab: Sleeping          |       |     1 ||     1
       Distracted        |       |     1 ||     1
Armor: Leather armour    |    30 |    28 ||    58
       Ring mail         |    10 |    63 ||    73
Dodge: Dodged            |    78 |   176 ||   254
